[Event "*** Titled Tuesday Blitz"]
[Site "Chess.com"]
[Date "2021.04.06"]
[Round "9"]
[White "TST2014"]
[Black "GameOverBro"]
[Result "1/2-1/2"]
[WhiteElo "2660"]
[BlackElo "2527"]
[TimeControl "180+1"]
[EndTime "11:46:11 PDT"]
[Termination "Game drawn by repetition"]

1. d4 Nf6 2. c4 b5 3. cxb5 a6 4. bxa6 Bxa6 5. Nc3 d5 6. Nf3 e6 7. Bg5 Be7 8. e3 Bxf1 9. Kxf1 Nbd7 10. g3 c5 11.
dxc5 Nxc5 12. Kg2 O-O 13. Qc2 Qb6 14. Rhb1 Rfc8 15. Qe2 h6 16. Bf4 Nfe4 17. Be5 Bf6 18. Bxf6 Nxf6 19. Nd2 Ncd7 20. a4 Ne5 21. Ra3 Rab8 22. b4 d4 23. exd4 Qxd4 24. Nb5 Qd5+ 25. Nf3 Ne4 26. Re3 f5 27. Nxe5 Nc3+ 28. Qf3 Qxf3+ 29. Nxf3 Nxb1 30. Rxe6 Rc4 31. Ne5 Rxb4 32. Nc6 R8xb5 33. axb5 Rxb5 34. Nd4 Rd5 35. Nf3 Nc3 36. Re5 Rxe5 37. Nxe5 g5 38. f4 Kg7 39.
Nf3 Kf6 40. Nd4 Nd5 41. Kf3 Nc3 42. Ke3 Nd5+ 43. Kf3 Nc3 44. Nc6 Ne4 45. Ne5 Nd2+ 46. Kg2 Ne4 47. Nd7+ Ke6 48. Ne5 Kf6 49. Nf3 Nc3 50.
Nd4 Nd5 51. Kf3 1/2-1/2

[Event "*** Titled Tuesday Blitz"]
[Site "Chess.com"]
[Date "2021.04.06"]
[Round "9"]
[White "anasta10"]
[Black "Chuchofrio1"]
[Result "1-0"]
[WhiteElo "2536"]
[BlackElo "2381"]
[TimeControl "180+1"]
[EndTime "11:46:11 PDT"]
[Termination "anasta10 won by checkmate"]

1. d4 Nf6 2. c4 g6 3. Nc3 Bg7 4. e4 O-O 5. Bd3 d6 6. Nge2 e5 7. d5 a5 8. O-O Na6 9. Bc2 Ne8 10.
Kh1 f5 11. exf5 Bxf5 12. Bxf5 gxf5 13. f4 Nc5 14. Be3 Nd7 15. Qe1 Kh8 16. h3 Rg8 17.
fxe5 Nxe5 18. Rxf5 Nxc4 19. Bd4 Ne5 20. Nf4 c5 21. dxc6 bxc6 22. Ne6 Qd7 23. Nxg7 Qxg7 24. Qe2 Nc7 25. Rxe5 c5 26. Re7 Qxd4 27. Rxc7 Rae8 28. Qc2 Qh4 29. Rf1 Re1 30. Rxh7+ Qxh7 31. Qxh7+ Kxh7 32. Rxe1 Rb8 33. Re2 Rf8 34. Kh2 Kg6 35. Rd2 Rd8 36.
Kg3 Kf5 37. Kf3 Ke5 38. Ke2 d5 39. Rxd5+ Rxd5 40. Nxd5 Kxd5 41. Kd3 c4+ 42. Kc3 Kc5 43. g4 Kd5 44. g5 Ke5 45. Kxc4 Kf5 46. a4 Kxg5 47.
b4 Kh4 48. bxa5 Kxh3 49. a6 Kg4 50. a7 Kf5 51. a8=Q Ke6 52. Qd5+ Ke7 53. a5 Ke8 54. a6 Kf8 55. a7 Ke7 56. Kd4 Kf6 57. Ke4 Ke7 58. Ke5 Kf8 59. a8=Q+ Kg7 60. Qab7+ Kh6 61.
Qe6+ Kg5 62. Qg7+ Kh4 63. Qeh6# 1-0

[Event "*** Titled Tuesday Blitz"]
[Site "Chess.com"]
[Date "2021.04.06"]
[Round "9"]
[White "Camels1981"]
[Black "ehrenfeld"]
[Result "1-0"]
[WhiteElo "2402"]
[BlackElo "2523"]
[TimeControl "180+1"]
[EndTime "11:46:14 PDT"]
[Termination "Camels1981 won by resignation"]

1. e4 e5 2. Nf3 Nc6 3. Bc4 Nf6 4.
d3 Bc5 5. O-O d6 6. h3 a6 7. c3 Ba7 8. Bb3 h6 9. Nbd2 Nh5 10. Nxe5 Nxe5 11. Qxh5 Ng6 12. d4 Bd7 13. f4 Qh4 14. Qxh4 Nxh4 15. f5 g6 16. g3 gxf5 17. gxh4 O-O-O 18. exf5 Rhg8+ 19. Kh2 Rde8 20. Rf2 d5 21. Nf3 c6 22. Bf4 f6 23. Re1 Bxf5 24.
Bc2 Be4 25. Bxe4 dxe4 26. Nd2 f5 27. Nc4 Kd7 28. Ne5+ Ke6 29. Rg2 Rxg2+ 30. Kxg2 c5 31. d5+ Kxd5 32. Rd1+ Ke6 33. Nc4 b5 34. Rd6+ Ke7 35.
Rxa6 Bb8 36. Bxb8 Rg8+ 37. Kf2 Rxb8 38. Ne5 Rg8 39. Ng6+ Kf7 40. h5 Rd8 41. Ke3 Rd3+ 42. Kf4 Rf3+ 43. Ke5 e3 44. Ra7+ Ke8 45. Ke6 Kd8 46.
Kd6 Kc8 47. Ne7+ 1-0

[Event "*** Titled Tuesday Blitz"]
[Site "Chess.com"]
[Date "2021.04.06"]
[Round "9"]
[White "anpospan"]
[Black "KafkaesqueKnight"]
[Result "0-1"]
[WhiteElo "2392"]
[BlackElo "2291"]
[TimeControl "180+1"]
[EndTime "11:46:15 PDT"]
[Termination "KafkaesqueKnight won on time"]

1. d4 Nf6 2. c4 e6 3. Nc3 d5 4. cxd5 exd5 5. Bg5 Be7 6. e3 O-O 7. Bd3 c6 8. Qc2 h6 9. Bh4 Re8 10. Nge2 Bg4 11. f3 Be6 12. O-O Nbd7 13. Nf4 Nf8 14. Nxe6 Nxe6 15. Bf2 Rc8 16. Rad1 Qa5 17. a3 c5 18.
dxc5 Qxc5 19. Qd2 Red8 20. Bb1 Qb6 21. b4 a5 22. Na2 axb4 23. Nxb4 Bxb4 24. axb4 Rc4 25.
e4 Qxb4 26. exd5 Rxd5 27. Qa2 Ra5 28. Qe2 g6 29. Ba2 Rc6 30. Rb1 Qa3 31. Bxe6 Rxe6 32.
Qd2 b6 33. Qd8+ Kh7 34. Rxb6 Rxb6 35. Qxb6 Ra6 36. Qd8 Qd6 37. Qc8 Qe6 38. Qb7 Rd6 39.
Re1 Qd7 0-1

[Event "*** Titled Tuesday Blitz"]
[Site "Chess.com"]
[Date "2021.04.06"]
[Round "9"]
[White "GM_Crest"]
[Black "Jospem"]
[Result "0-1"]
[WhiteElo "2709"]
[BlackElo "2908"]
[TimeControl "180+1"]
[EndTime "11:46:16 PDT"]
[Termination "Jospem won on time"]

1. d4 Nf6 2. c4 e6 3. Nc3 Bb4 4. e3 O-O 5. Ne2 d5 6. a3 Be7 7. Nf4 c6 8. cxd5 exd5 9. Bd3 Bd6 10. O-O Re8 11. f3 b6 12. Kh1 Bxf4 13. exf4 Ba6 14. f5 Bxd3 15. Qxd3 Nbd7 16. g4 Qc7 17. Bg5 c5 18. Rad1 c4 19. Qd2 Qc6 20. Rde1 b5 21.
Rxe8+ Rxe8 22. Re1 h6 23. Bf4 a5 24. Rxe8+ Nxe8 25. Qe3 Kf8 26. Na2 Qb6 27. Nc3 Nef6 28. Kg2 b4 29.
axb4 axb4 30. Na4 Qb5 31. Nc5 Kg8 32. Kf2 Nb6 33. h4 c3 34. bxc3 b3 35. g5 b2 36. g6 fxg6 37. Qe6+ Kh8 38. Bxh6 b1=Q 39. Bxg7+ Kh7 40. fxg6+ Qxg6 41. Bxf6 Qb2+ 42. Ke3 Nc4+ 43. Kf4 Qd2+ 0-1

[Event "*** Titled Tuesday Blitz"]
[Site "Chess.com"]
[Date "2021.04.06"]
[Round "9"]
[White "madamDD"]
[Black "GM_LOADING"]
[Result "0-1"]
[WhiteElo "2383"]
[BlackElo "2543"]
[TimeControl "180+1"]
[EndTime "11:46:16 PDT"]
[Termination "GM_LOADING won on time"]

1. e4 Nf6 2. e5 Nd5 3. d4 d6 4. c4 Nb6 5. exd6 cxd6 6. Nc3 g6 7. h3 Bg7 8. Nf3 Nc6 9. Be2 Bf5 10. O-O O-O 11. Bg5 Rc8 12. Rc1 h6 13. Be3 d5 14.
c5 Nc4 15. Nxd5 Nxe3 16. Nxe3 Be4 17. d5 Bxf3 18. Bxf3 Nd4 19. b4 a5 20. a3 Qd7 21.
Nc4 axb4 22. axb4 Qb5 23. Nb6 Rcd8 24. Rc4 Nc6 25. Qb1 Ne5 26. Rcc1 Nxf3+ 27. gxf3 Rfe8 28. Qe4 Bf8 29. Rfd1 e6 30. d6 Bxd6 31. Rxd6 Rxd6 32. cxd6 Qxb6 33. d7 Rd8 34. Rc8 Kf8 35. Qe5 Ke7 36. Rc1 Rxd7 37. Kg2 Qd4 38. Qb5 Qf4 39. Qc5+ Qd6 40.
Qxd6+ Kxd6 41. Rc5 Rc7 0-1

[Event "*** Titled Tuesday Blitz"]
[Site "Chess.com"]
[Date "2021.04.06"]
[Round "9"]
[White "Magila31"]
[Black "jonaszmb"]
[Result "1-0"]
[WhiteElo "2346"]
[BlackElo "2488"]
[TimeControl "180+1"]
[EndTime "11:46:16 PDT"]
[Termination "Magila31 won by checkmate"]

1. d4 d5 2. c4 Bf5 3. cxd5 Bxb1 4. Qa4+ c6 5. Rxb1 Qxd5 6. e3 Nf6 7. Nf3 Nbd7 8. Bd2 e6 9. Bc4 Nb6 10. Bxd5 Nxa4 11.
Bb3 Nb6 12. Ke2 Be7 13. Bc2 O-O 14. e4 Rfd8 15. Bg5 Rac8 16. b3 c5 17. dxc5 Rxc5 18. Bd3 h6 19. Be3 Rcc8 20. Rbc1 Ba3 21. Rxc8 Rxc8 22.
Ne5 Bc5 23. f3 Bxe3 24. Kxe3 Kf8 25. h4 Ke7 26. g4 Nfd7 27. Nxd7 Nxd7 28. g5 h5 29. f4 e5 30. f5 g6 31. f6+ Kf8 32.
Rd1 Nc5 33. Bc4 b5 34. Bxb5 Ne6 35. Rd5 Rc3+ 36. Kd2 Rh3 37. Rxe5 Rxh4 38. Bc4 Rh2+ 39. Kc3 Rxa2 40. Bxe6 fxe6 41. Rxe6 h4 42. Re7 h3 43.
Rh7 h2 44. Kd4 Rd2+ 45. Ke5 a5 46. Ke6 Kg8 47. Rh6 Kf8 48. Rh8# 1-0

[Event "*** Titled Tuesday Blitz"]
[Site "Chess.com"]
[Date "2021.04.06"]
[Round "9"]
[White "Forantes"]
[Black "Zmof"]
[Result "1-0"]
[WhiteElo "2356"]
[BlackElo "2219"]
[TimeControl "180+1"]
[EndTime "11:46:16 PDT"]
[Termination "Forantes won by resignation"]

1. Nf3 f5 2. d4 Nf6 3. c4 d6 4. Nc3 g6 5. b3 Bg7 6. Bb2 O-O 7. e3 Qe8 8. Be2 c6 9. Qc2 Na6 10. a3 e5 11. dxe5 dxe5 12. b4 Nc7 13. c5 e4 14.
Nd4 Kh8 15. Bc4 Ne6 16. Nce2 Nxd4 17. Nxd4 Qe7 18. O-O Bd7 19. Nb3 Rad8 20. Rad1 Bc8 21. Na5 Ng4 22. Bxg7+ Qxg7 23. Rxd8 Rxd8 24. Rd1 Rxd1+ 25.
Qxd1 Qe7 26. Qd4+ Nf6 27. Ba2 h6 28. h3 Kh7 29. a4 g5 30. b5 cxb5 31. axb5 Kg6 32.
Nc4 Be6 33. Ne5+ Kg7 34. Bxe6 Qxe6 35. c6 bxc6 36. bxc6 Qd5 37. Qxa7+ Kg8 38. Qd4 Qxd4 39. exd4 Nd5 40. g4 fxg4 41. Nxg4 h5 42. Nf6+ Nxf6 43. c7 e3 44. c8=Q+ Kg7 45. fxe3 1-0

[Event "*** Titled Tuesday Blitz"]
[Site "Chess.com"]
[Date "2021.04.06"]
[Round "9"]
[White "olksuna"]
[Black "evgchess5"]
[Result "0-1"]
[WhiteElo "2674"]
[BlackElo "2906"]
[TimeControl "180+1"]
[EndTime "11:46:17 PDT"]
[Termination "evgchess5 won by resignation"]

1. e4 c5 2. Nf3 e6 3. d4 cxd4 4. Nxd4 Nc6 5. Nc3 a6 6. Be2 d6 7. O-O Nf6 8. Be3 Be7 9. f4 O-O 10. Qe1 Nxd4 11. Bxd4 b5 12. a3 Bb7 13. Qg3 g6 14.
Bd3 Qc7 15. f5 e5 16. Be3 Kh8 17. Kh1 Rg8 18. Qh3 Bc8 19. Bg5 Qd8 20. Qh4 gxf5 21. exf5 Bb7 22. Ne4 Bxe4 23. Bxe4 d5 24. Rad1 Rxg5 25.
Qxg5 Nxe4 26. Qh6 Nf6 27. Rf3 e4 28. Rg3 Qf8 29. Qe3 h6 30. c3 Kh7 31. Rh3 Bd6 32. Rf1 Be5 33. Qf2 Qg7 34. Qh4 Rg8 35. Rg1 Qg5 36. Qf2 Ng4 37. Qe2 Qxf5 38. Rf1 Qg6 39.
Rh4 f5 40. h3 Ne3 41. Rg1 Qg3 0-1

[Event "*** Titled Tuesday Blitz"]
[Site "Chess.com"]
[Date "2021.04.06"]
[Round "9"]
[White "GregShahade"]
[Black "Orest_Vovk"]
[Result "1-0"]
[WhiteElo "2732"]
[BlackElo "2600"]
[TimeControl "180+1"]
[EndTime "11:46:17 PDT"]
[Termination "GregShahade won by resignation"]

1. e4 g5 2. d4 h6 3. Nc3 Bg7 4. h4 g4 5. Be3 d6 6. Bc4 c6 7.
Nge2 Qa5 8. Qd2 Nd7 9. O-O Nf8 10. Ng3 Nf6 11. e5 dxe5 12. dxe5 Qxe5 13. Rad1 Be6 14.
Bxe6 Nxe6 15. Rfe1 Rd8 16. Qc1 Rxd1 17. Qxd1 Qb8 18.
Nf5 Bf8 19. Qd3 Qd8 20. Qxd8+ Nxd8 21. Bxa7 Ne6 22. a4 Nd5 23. Nxd5 cxd5 24. Re5 Ng7 25. Nd6+ Kd7 26. Nxf7 Rh7 27. Re2 e6 28. Ne5+ Kc7 29. a5 h5 30. Bb6+ Kd6 31. b4 Nf5 32. Bc5+ Kc7 33.
Bxf8 Nd4 34. Rd2 Nc6 35. Nxc6 Kxc6 36. Bc5 Rf7 37. Bd4 Rf4 38. c3 Re4 39. Kf1 e5 40.
Be3 Rc4 41. Rd1 Rxc3 42. Rc1 Rxc1+ 43. Bxc1 Kb5 44. Bd2 d4 45. f3 gxf3 46. gxf3 Kc4 47. Ke2 Kb5 48. Kd3 b6 49. axb6 Kxb6 50. Ke4 1-0

[Event "*** Titled Tuesday Blitz"]
[Site "Chess.com"]
[Date "2021.04.06"]
[Round "9"]
[White "maximnovik"]
[Black "Tekushka"]
[Result "1-0"]
[WhiteElo "2562"]
[BlackElo "2402"]
[TimeControl "180+1"]
[EndTime "11:46:17 PDT"]
[Termination "maximnovik won on time"]

1. d4 Nf6 2. Bg5 d5 3. e3 Ne4 4. Bh4 c5 5. Nd2 Nxd2 6. Qxd2 cxd4 7. exd4 Nc6 8. O-O-O Bf5 9. Nf3 Qb6 10. Bd3 Bxd3 11.
Qxd3 e6 12. Kb1 Qa5 13. Rhe1 Bd6 14. Ng5 Nb4 15. Qb3 h6 16. Nxe6 fxe6 17. Rxe6+ Kd7 18.
Rxd6+ Kxd6 19. a3 Na6 20. Qxb7 Nc7 21. Bg3+ Kd7 22. Bxc7 Qxc7 23. Qxd5+ Qd6 24. Qb7+ Qc7 25. Qe4 Rae8 26. Qg6 Re7 27. d5 Qd6 28. Qf5+ Kc7 29. Rd3 Rb8 30. Rc3+ Kb7 31. Ka2 Ka8 32. Rd3 Reb7 33.
b3 Qc5 34. c4 Rxb3 35. Rxb3 Qxc4 36. Qd3 Qc5 37. Rxb8+ Kxb8 38. Kb2 Qxf2+ 39. Kb3 Qxg2 40. d6 Kc8 41. Qc4+ Kd7 42. Qc7+ Ke6 43. Qe7+ 1-0

[Event "*** Titled Tuesday Blitz"]
[Site "Chess.com"]
[Date "2021.04.06"]
[Round "9"]
[White "tteshan"]
[Black "Schack-Hugo"]
[Result "1-0"]
[WhiteElo "2310"]
[BlackElo "2202"]
[TimeControl "180+1"]
[EndTime "11:46:17 PDT"]
[Termination "tteshan won on time"]

1. Nf3 Nf6 2. b3 d5 3. Bb2 c6 4. e3 g6 5. c4 Bg7 6. Be2 O-O 7.
O-O Bg4 8. d3 e6 9. Nbd2 Nbd7 10. h3 Bxf3 11. Nxf3 a5 12. Qc2 a4 13. b4 a3 14. Bc3 b5 15. c5 Qc7 16. Rab1 e5 17.
Rb3 Ra4 18. Qc1 Rfa8 19. Re1 h5 20. Bf1 Bh6 21. Qa1 Re8 22. Be2 Qd8 23. Nxe5 Nxe5 24. Bxe5 Nd7 25. Bc3 Qh4 26. Bf1 Qg5 27. Rbb1 Qh4 28.
g3 Qd8 29. Bg2 Bg5 30. f4 Bf6 31. d4 Bg7 32. e4 dxe4 33. Bxe4 Qc7 34. Kg2 Nf6 35.
Bf3 Raa8 36. d5 cxd5 37. Bxd5 Nxd5 38. Bxg7 Qc6 39. Kh2 Rad8 40. Re5 Rc8 41. Rd1 Rxe5 42. Qxe5 Re8 43. Qxd5 1-0

[Event "*** Titled Tuesday Blitz"]
[Site "Chess.com"]
[Date "2021.04.06"]
[Round "9"]
[White "Louis64"]
[Black "aljado"]
[Result "1-0"]
[WhiteElo "2254"]
[BlackElo "2115"]
[TimeControl "180+1"]
[EndTime "11:46:18 PDT"]
[Termination "Louis64 won on time"]

1. e4 c5 2. Nf3 e6 3. d4 cxd4 4. Nxd4 Bc5 5. Be3 Qb6 6. c3 Qxb2 7. Nd2 Nf6 8. Rb1 Qxa2 9. Bc4 Qa5 10. N4b3 Qxc3 11.
Bxc5 Nxe4 12. Bd4 Qb4 13. O-O Nc3 14. Bxc3 Qxc3 15. Rc1 Qf6 16. Bxe6 O-O 17. Bd5 Nc6 18. Ne4 Qe5 19. Re1 Ne7 20. Nc3 Qf6 21. Bf3 a5 22. Nd5 Nxd5 23. Qxd5 a4 24. Nd4 a3 25. Ra1 a2 26.
Red1 d6 27. Rxa2 Be6 28. Nxe6 fxe6 29. Qb3 Rxa2 30. Qxa2 d5 31. Qb3 Qe7 32. Rb1 Rb8 33. Qb6 Qd7 34. g3 e5 35. Qc5 e4 36. Bg2 b5 37.
Rb4 Kf7 38. h4 g6 39. Kh2 h5 40. Bh3 Qd8 41. Qc6 1-0

[Event "*** Titled Tuesday Blitz"]
[Site "Chess.com"]
[Date "2021.04.06"]
[Round "9"]
[White "Cptn2"]
[Black "GMHess"]
[Result "0-1"]
[WhiteElo "2531"]
[BlackElo "2747"]
[TimeControl "180+1"]
[EndTime "11:46:19 PDT"]
[Termination "GMHess won by resignation"]

1. e4 g6 2. d4 Bg7 3. Nc3 a6 4.
f4 d6 5. Nf3 b5 6. Bd3 Bb7 7. O-O Nd7 8. f5 c5 9. Be3 Ngf6 10. h3 c4 11. e5 dxe5 12. dxe5 Bxf3 13. exf6 Bxd1 14. fxg7 Rg8 15. Be4 Bxc2 16. Bxc2 Rxg7 17.
Rad1 Rc8 18. f6 exf6 19. Bh6 Kf8 20. Nd5 Rc6 21. Be4 Rd6 22. Be3 f5 23. Bf3 f6 24.
Nf4 Rxd1 25. Rxd1 Re7 26. Bc5 Kf7 27. Bd5+ Ke8 28. Ne6 Rxe6 29. Bxe6 Nxc5 30. Rxd8+ Kxd8 31. Bg8 h6 32. Bh7 Ke7 33. Bxg6 Ke6 34. Kf2 Nd3+ 35.
Ke3 Nxb2 36. Kf4 Nd3+ 37. Ke3 Ke5 38. Bf7 f4+ 39. Kd2 Kd4 40. Kc2 c3 41. Bg6 Ne1+ 42. Kd1 Nxg2 43. a3 f3 44. Kc1 f2 0-1

[Event "*** Titled Tuesday Blitz"]
[Site "Chess.com"]
[Date "2021.04.06"]
[Round "9"]
[White "kai_nov"]
[Black "2346PL"]
[Result "0-1"]
[WhiteElo "2289"]
[BlackElo "2494"]
[TimeControl "180+1"]
[EndTime "11:46:20 PDT"]
[Termination "2346PL won on time"]

1. d4 f5 2. g3 Nf6 3. Bg2 g6 4. c4 Bg7 5. Nf3 O-O 6. O-O d6 7. Nc3 Qe8 8. d5 Na6 9. Be3 c5 10. Qd2 Ng4 11. Bf4 h6 12. h3 g5 13. Bxg5 hxg5 14. hxg4 f4 15. Nxg5 Bxg4 16. gxf4 Qh5 17. e3 Nc7 18. f3 Bf5 19. Kf2 Qh4+ 20. Ke2 Qh2 21. Rf2 Qh6 22. Nce4 b5 23. Rh1 Qg6 24. Bh3 bxc4 25. Bxf5 Qxf5 26. Rg2 Nxd5 27. Ng3 Qd3+ 28. Qxd3 cxd3+ 29. Kxd3 Nb4+ 30. Ke2 Rf6 31. Nh5 Rg6 32. f5 Rh6 33. Ne6 Kh8 34. Nexg7 Rf8 35. Rhg1 Nc6 36. Nf4 Ne5 37. Nfe6 Rg8 38. f4 Nd7 39. Kf3 Nf6 40. e4 c4 41. e5 Nd7 42.
Ke4 Rh3 43. Rg3 Rh4 44. R1g2 Nxe5 45. Rg4 Nxg4 0-1

[Event "*** Titled Tuesday Blitz"]
[Site "Chess.com"]
[Date "2021.04.06"]
[Round "9"]
[White "ybruned"]
[Black "Lenyas66"]
[Result "0-1"]
[WhiteElo "2346"]
[BlackElo "2515"]
[TimeControl "180+1"]
[EndTime "11:46:21 PDT"]
[Termination "Lenyas66 won by resignation"]

1. b3 e5 2. Bb2 e4 3. e3 Nf6 4. d3 d5 5. Nd2 exd3 6. Bxd3 Be7 7. Ngf3 O-O 8. O-O c5 9. c4 Nc6 10. cxd5 Nxd5 11. Qb1 h6 12. Rd1 Be6 13. Bf5 Qc8 14. Bxe6 Qxe6 15. Qe4 Qxe4 16. Nxe4 Rfd8 17. Rac1 b6 18.
h3 Ndb4 19. Rxd8+ Rxd8 20. a3 Nd3 21. Rc2 f5 22. Ned2 Nxb2 23. Rxb2 Bf6 24. Rc2 Rd3 25.
Kf1 Na5 26. b4 Nb7 27. bxc5 Nxc5 28. Nc4 Kf7 29. Ke2 Ke6 30. a4 Rb3 31. a5 Na4 32.
axb6 axb6 33. Ncd2 Nc3+ 34. Kf1 Ra3 35. g3 b5 36. Rb2 Kd5 37. Rb3 Rxb3 38. Nxb3 Kc4 39. Nfd2+ Kd3 40. Ke1 Be7 41. h4 b4 42. Nc1+ Kc2 43.
Ncb3 Ne4 44. Nxe4 fxe4 45. Na5 b3 46. Ke2 b2 47. Nc4 b1=Q 48. Na3+ Bxa3 0-1

[Event "*** Titled Tuesday Blitz"]
[Site "Chess.com"]
[Date "2021.04.06"]
[Round "9"]
[White "Sychev_Klementy"]
[Black "Didici"]
[Result "1-0"]
[WhiteElo "2883"]
[BlackElo "2655"]
[TimeControl "180+1"]
[EndTime "11:46:22 PDT"]
[Termination "Sychev_Klementy won on time"]

1. e4 e5 2. Nf3 Nc6 3. Bb5 a6 4. Ba4 Nf6 5. O-O b5 6. Bb3 Bb7 7. d3 Be7 8. a3 O-O 9. Nc3 d6 10. Re1 Bc8 11. Nd5 Be6 12. c3 h6 13. a4 Qd7 14. h3 Bxd5 15. exd5 Na5 16. Bc2 Nxd5 17.
d4 e4 18. Bxe4 c6 19. Bc2 Rfe8 20. Qd3 Nf6 21. Bf4 Nc4 22. b3 Nb6 23. a5 Nbd5 24.
Bd2 Bf8 25. c4 Nc7 26. Kh1 Rxe1+ 27. Rxe1 Re8 28. Rg1 Ne4 29. Be3 d5 30. Nd2 f5 31.
Nf3 Ne6 32. Ne5 Qc7 33. f3 c5 34. fxe4 fxe4 35. Qe2 cxd4 36. cxd5 Qxe5 37. dxe6 dxe3 38. Qxe3 Rxe6 39. b4 Bxb4 40. Bb3 Bc5 41. Bxe6+ Kh8 42. Qb3 Bxg1 43. Kxg1 e3 44. Qd5 1-0

[Event "*** Titled Tuesday Blitz"]
[Site "Chess.com"]
[Date "2021.04.06"]
[Round "9"]
[White "Nemsko"]
[Black "Mihnea2017"]
[Result "0-1"]
[WhiteElo "2298"]
[BlackElo "2445"]
[TimeControl "180+1"]
[EndTime "11:46:22 PDT"]
[Termination "Mihnea2017 won by checkmate"]

1. e4 c5 2. Nf3 Nc6 3. d4 cxd4 4. Nxd4 Nf6 5. Nc3 e5 6. Ndb5 d6 7. Bg5 a6 8. Na3 b5 9. Nd5 Be7 10. Bxf6 Bxf6 11. c4 b4 12. Nc2 O-O 13. h4 a5 14. b3 Be6 15. g3 a4 16. Rb1 axb3 17.
axb3 Ra2 18. Bd3 Bxd5 19. cxd5 Nb8 20. O-O Qa5 21. Ne3 Bd8 22. Qg4 g6 23. h5 Bb6 24.
Nf5 Bc5 25. Ne7+ Kh8 26. Qh4 Nd7 27. hxg6 fxg6 28. Nxg6+ Kg7 29. Nxf8 Nxf8 30. Qe7+ Kg8 31. Rbe1 Qb6 32. Re2 Ra7 33. Qf6 Rf7 34. Qh4 Ng6 35. Qg4 Rg7 36. Qe6+ Kf8 37. Ra2 Qb8 38. Ra6 Nf4 39.
Qf5+ Kg8 40. Bc4 Qd8 41. Kh2 Rg5 42. gxf4 Rxf5 43. Rg1+ Kf7 44. exf5 exf4 45. Rg2 Qh4+ 46. Kg1 f3 47. Rg3 Qxg3+ 48. Kf1 Qxf2# 0-1

[Event "*** Titled Tuesday Blitz"]
[Site "Chess.com"]
[Date "2021.04.06"]
[Round "9"]
[White "jd001"]
[Black "gisela_roque"]
[Result "1-0"]
[WhiteElo "2154"]
[BlackElo "1748"]
[TimeControl "180+1"]
[EndTime "11:46:22 PDT"]
[Termination "jd001 won on time"]

1. d4 e6 2. c4 Nf6 3. Nf3 b6 4.
g3 Bb7 5. Bg2 Be7 6. Nc3 O-O 7.
O-O d6 8. Qd3 Nbd7 9. e4 e5 10.
d5 a6 11. h3 Ne8 12. Bd2 Bc8 13. b4 Nb8 14. g4 Nd7 15. Ne1 a5 16. bxa5 Rxa5 17. Nc2 Nc5 18. Qe2 Ra8 19. Ne3 Na4 20. Nb5 Bd7 21. Nf5 g6 22. Ng3 Bh4 23. Nh1 Bxb5 24.
cxb5 Nc5 25. Be3 Ra4 26. f3 Nf6 27. Nf2 Qd7 28. Qc2 Qxb5 29. Rfb1 Qa6 30. Bf1 Qa7 31. Bb5 Ra3 32. Nd1 Nfd7 33. Kg2 Ra8 34. Rb2 Qa5 35. Bd2 Qa7 36. Bb4 Kg7 37. Bxa3 Qxa3 38. Qc3 Qxc3 39. Nxc3 Nf6 40. a4 Bg5 41. Kf2 Ng8 42.
Bc6 Ra5 43. Nb5 Ne7 44. Nxc7 Nxc6 45. dxc6 Rxa4 46. Rxa4 Nxa4 47. Rb4 Nc3 48. Rxb6 Nd1+ 49. Ke1 Ne3 50. Nd5 Nc4 51. Rb7 1-0

[Event "*** Titled Tuesday Blitz"]
[Site "Chess.com"]
[Date "2021.04.06"]
[Round "9"]
[White "volkanyirik"]
[Black "Konek-Gorbunok"]
[Result "1/2-1/2"]
[WhiteElo "2423"]
[BlackElo "2340"]
[TimeControl "180+1"]
[EndTime "11:46:23 PDT"]
[Termination "Game drawn - insufficient material"]

1. e4 c5 2. Nc3 a6 3. a4 Nc6 4. f4 e6 5. Bc4 Nf6 6. e5 d5 7. exd6 Bxd6 8. d3 O-O 9. Nf3 e5 10. fxe5 Nxe5 11. O-O Bg4 12. Bg5 Nxf3+ 13. gxf3 Bh3 14.
Re1 h6 15. Bh4 g5 16. Bg3 Qc7 17. Bxd6 Qxd6 18. Qd2 Rae8 19. Qf2 Re5 20. Ne4 Qe7 21. Re3 Kg7 22. Rae1 Re8 23. Qg3 Bf5 24. Nxf6 Rxe3 25. Nxe8+ Qxe8 26. Rxe3 Qxe3+ 27. Qf2 Qc1+ 28. Kg2 Qxb2 29.
Qxc5 Qxc2+ 30. Kg3 Bg6 31. Qe5+ Kh7 32. a5 Qd2 33.
Qd4 Qe1+ 34. Qf2 Qe5+ 35. Kg2 Qxa5 36. Qb2 Qf5 37. Qxb7 g4 38. Bxa6 gxf3+ 39. Qxf3 Qxf3+ 40. Kxf3 Kg7 41. Kf4 Kf6 42. Bb7 Ke6 43. Be4 Bh5 44. d4 Kd6 45. Bg2 Bg6 46. Bf3 Bd3 47. Kg4 Bg6 48. Kh4 Ke6 49. Kg4 Kd6 50. Kf4 Ke6 51. Be4 Kd6 52. Bxg6 fxg6 53. h4 Kd5 54. h5 gxh5 55. Kg3 Kxd4 56. Kh4 Ke5 57. Kxh5 Kf6 58. Kxh6 1/2-1/2

[Event "*** Titled Tuesday Blitz"]
[Site "Chess.com"]
[Date "2021.04.06"]
[Round "9"]
[White "BeyondMadness"]
[Black "lucachess49"]
[Result "0-1"]
[WhiteElo "2270"]
[BlackElo "2419"]
[TimeControl "180+1"]
[EndTime "11:46:23 PDT"]
[Termination "lucachess49 won by resignation"]

1. d4 Nf6 2. c4 e6 3. Nc3 Bb4 4. f3 O-O 5. e4 c5 6. d5 d6 7. Ne2 b5 8. Ng3 bxc4 9. Bxc4 exd5 10. Bxd5 Nxd5 11. Qxd5 Qb6 12. O-O Bb7 13. Qg5 Qd8 14. Qg4 Bc8 15. Nf5 Qf6 16. Bg5 Bxf5 17. exf5 Qd4+ 18. Qxd4 cxd4 19. Nd5 Bc5 20. Nc7 Nc6 21. Nxa8 Rxa8 22. Rfd1 a5 23. a3 a4 24. Rac1 Rb8 25.
Kf1 h6 26. Bf4 Rb6 27. Rc2 Kf8 28. g4 Ke7 29. Rdd2 Kd7 30. Rc4 Rb3 31. Ke2 Ne7 32.
Rxa4 Nd5 33. Bg3 Ne3 34. Ra7+ Bxa7 35. Bf2 Bc5 36. Bxe3 dxe3 37. Rc2 Rb5 38. b4 Bb6 39. Rc4 d5 40. Rc3 Kd6 41. Kd3 d4 42. Rc2 Re5 43. Re2 Re8 44. a4 Kd5 45. a5 Ba7 46. Rc2 Rb8 47.
Rb2 Rb5 48. f4 g6 49. fxg6 fxg6 50. h4 h5 51. gxh5 gxh5 52. Rg2 Rxb4 53. Rg5+ Ke6 54. Rxh5 Rb3+ 55. Ke4 e2 56. Rh6+ Kf7 0-1

[Event "*** Titled Tuesday Blitz"]
[Site "Chess.com"]
[Date "2021.04.06"]
[Round "9"]
[White "kidagent"]
[Black "Natalya_Buksa"]
[Result "1-0"]
[WhiteElo "2359"]
[BlackElo "2498"]
[TimeControl "180+1"]
[EndTime "11:46:24 PDT"]
[Termination "kidagent won by resignation"]

1. e4 c5 2. Nf3 Nc6 3. d4 cxd4 4. Nxd4 e5 5. Nb5 d6 6. N1c3 a6 7. Na3 Be7 8. Nd5 Nf6 9. Nxf6+ Bxf6 10. Be3 b5 11. c3 O-O 12. Be2 Be6 13. O-O d5 14.
exd5 Bxd5 15. Qd2 Be4 16. Rfd1 Qxd2 17. Rxd2 Rfd8 18. Rad1 Rxd2 19. Rxd2 Rd8 20. f3 Rxd2 21.
Bxd2 Bd5 22. b3 Be7 23. Nc2 Bc5+ 24. Be3 Bxe3+ 25. Nxe3 Be6 26. c4 bxc4 27. Bxc4 Bxc4 28. Nxc4 a5 29. Kf2 f5 30. Ke3 Kf7 31. g4 g6 32.
h4 Ke6 33. a3 Kd5 34. Kd3 Nd4 35. Nxa5 Nxf3 36. gxf5 gxf5 37. h5 f4 38. Nc4 e4+ 39.
Kc3 Nh2 40. a4 f3 41. Ne3+ Ke5 42. a5 Kd6 43. b4 f2 44. Kd4 Ng4 45. Nf1 e3 46. Kd3 Kc6 47. Ke2 Kb5 48. Nxe3 Nxe3 49. Kxf2 Ng4+ 50. Kg3 Nf6 51. Kf4 Ng8 52. Kf5 Ka6 53.
Ke6 Nh6 54. Kf6 Ng4+ 55. Kg5 Ne3 56. Kh6 Nd5 57. Kxh7 Nxb4 58. Kg7 Nd5 59. h6 Nf4 60.
h7 Ne6+ 61. Kf6 1-0

[Event "*** Titled Tuesday Blitz"]
[Site "Chess.com"]
[Date "2021.04.06"]
[Round "9"]
[White "prachiti01"]
[Black "serena-maria"]
[Result "1/2-1/2"]
[WhiteElo "2180"]
[BlackElo "2340"]
[TimeControl "180+1"]
[EndTime "11:46:24 PDT"]
[Termination "Game drawn by repetition"]

1. e4 c5 2. c3 Nf6 3. e5 Nd5 4. Nf3 d6 5. exd6 Qxd6 6. d4 cxd4 7. Nxd4 a6 8. Be2 Nc6 9. O-O Nxd4 10. Qxd4 e5 11. Qd1 Be6 12. Qa4+ Qd7 13. Qxd7+ Bxd7 14. Nd2 f6 15. Bf3 Bc6 16. Nc4 Bc5 17. Rd1 O-O-O 18. Ne3 Bxe3 19. Bxe3 Nxe3 20. fxe3 Bxf3 21. gxf3 Rxd1+ 22. Rxd1 Rd8 23. Rxd8+ Kxd8 24. c4 a5 25. b3 Kd7 26. a3 Kd6 27. b4 axb4 28. axb4 e4 29.
f4 h6 30. Kf2 Ke6 31. h4 g6 32. Kg3 Kf5 33. Kf2 Kg4 34. Kg2 Kf5 35. Kg3 Ke6 36. Kf2 h5 37. Ke2 Kd6 38. Kd2 Ke6 39. Ke2 Kd6 40.
Kf2 Ke6 41. Kg3 Kf5 42. Kf2 Ke6 1/2-1/2